 Dungeon Crawl Stone Soup version 0.18.1-6-gd335043 (webtiles) character file.

933 Lovchig the Covert (level 7, -6/52 HPs)
             Began as a Vampire Assassin on May 18, 2016.
             Mangled by a shadow demon (9 damage)
             ... created by the darkness of Dithmenos
             ... in a sewer.
             The game lasted 00:18:20 (3478 turns).

Lovchig the Covert (Vampire Assassin)               Turns: 3478, Time: 00:18:21

Health: -6/52      AC:  5    Str: 12      XL:     7   Next: 86%
Magic:  7/7        EV: 15    Int: 17      God:
Gold:   259        SH:  0    Dex: 12 (16) Spells: 0 memorised, 6 levels left

rFire  . . .     SeeInvis +     t - +3 dagger (flame)
rCold  . . .     Gourm    .     c - +0 robe
rNeg   . . .     Faith    .     (no shield)
rPois  .         Spirit   .     j - +1 helmet
rElec  .         Dismiss  .     d - +0 cloak
rCorr  .         Reflect  .     (no gloves)
SustAt .         Harm     .     (no boots)
MR     .....                    (no amulet)
Stlth  +++++.....               y - +4 ring of intelligence
                                o - ring of wizardry

@: very slightly contaminated, regenerating quickly, hasted (expiring), very
quick, not resistant to hostile enchantments, quite stealthy
A: fangs 3, see invisible, unbreathing
a: no special abilities


You were in a sewer.
You were very full.

You visited 1 branch of the dungeon, and saw 4 of its levels.
You also visited: Sewer.

You collected 259 gold pieces.

Inventory:

Hand Weapons
 a - a +2 dagger
 b - a +0 blowgun
 t - a +3 dagger of flaming (weapon)
Missiles
 e - 46 poisoned needles
 f - 2 curare-tipped needles
 n - 2 needles of sleeping
Armour
 c - a +0 robe (worn)
 d - a +0 cloak (worn)
 j - a +1 helmet (worn)
Jewellery
 o - a ring of wizardry (left hand)
 y - a +4 ring of intelligence (right hand)
Wands
 w - a wand of enslavement (18/24)
Scrolls
 h - a scroll of blinking
 k - a scroll of identify
 v - 3 scrolls of teleportation
Potions
 g - a potion of blood
 l - 2 potions of curing
 p - 2 potions of degeneration
 r - 2 potions of flight
 x - 2 potions of brilliance
Books
 i - a book of Clouds

   Spells                             Type                      Level
   a - Mephitic Cloud                 Conjuration/Poison/Air       3
   b - Conjure Flame                  Conjuration/Fire             3
   c - Poisonous Cloud                Conjuration/Poison/Air       6
   d - Freezing Cloud                 Conjuration/Ice/Air          6
   e - Ring of Flames                 Charms/Fire                  7


   Skills:
 * Level 3.2 Fighting
 * Level 4.1 Short Blades
 - Level 1.5 Throwing
 * Level 6.4 Dodging
 * Level 9.8 Stealth


You had 6 spell levels left.
You didn't know any spells.

Dungeon Overview and Level Annotations

Branches:
Dungeon (4/15)
 Temple: D:4-7

Altars:
Dithmenos
Fedhas
Qazlal
The Shining One


Innate Abilities, Weirdness & Mutations

Your natural rate of healing is unusually fast.
You have razor-sharp teeth.
You have supernaturally acute eyesight.
You can survive without breathing.


Message History

You hit the shadow demon. You burn the shadow demon.
Your bite misses the shadow demon.
The shadow demon is lightly wounded.
The bat closely misses you.
You hit the shadow demon. You burn the shadow demon.
The shadow demon is lightly wounded.
The shadow demon hits you!
* * * LOW HITPOINT WARNING * * *
The shadow hits you!
* * * LOW HITPOINT WARNING * * *
The bat barely misses you. Why would you want to do that?
There are monsters nearby!
Drink which item? (? for menu, Esc to quit)
You feel better. The bat completely misses you.
The smoke demon gestures at you. Dithmenos smites you!
* * * LOW HITPOINT WARNING * * *
The bat hits you but does no damage. The shadow demon hits you!
You die...

≈≈.#≈≈≈≈≈≈≈≈≈≈≈≈≈W.#..≈##.≈≈≈.#
≈≈.#≈≈≈≈≈≈≈≈≈≈≈≈≈≈2#.≈≈##.....#
≈≈.#≈≈≈≈≈≈≈≈≈≈≈≈≈..#.≈≈###'''##
≈≈.# ≈≈≈≈≈≈≈≈≈≈≈...#.4≈###...####
#.#####≈#≈≈###≈#.####.###..§..##.
≈≈.#≈........()≈.≈≈#≈..#.....§.'.
≈≈...≈≈≈≈≈≈≈≈≈≈)≈≈≈s≈..')§._...'§
≈≈.#≈..........W2≈≈#≈2.#.....§.'§
#.####≈##≈##≈###@####S###..§..##.
≈≈.#≈≈≈≈≈≈≈≈≈≈≈SWb.#..≈###...####
≈≈.#≈≈≈≈≈≈≈≈≈≈≈≈...#.W≈###'''##
≈≈.#≈≈≈≈≈≈≈≈≈≈≈≈≈≈.#.≈≈##.....#
≈≈.#≈≈≈≈≈≈≈≈≈≈≈≈≈≈.#.≈≈##.≈≈≈)#
≈..#≈≈≈≈≈≈≈≈≈≈≈≈≈..#(.≈##.....#
≈≈.#≈≈≈≈≈≈≈≈≈≈≈≈≈≈.3.)≈###...##
#.## ################.## #...#
≈≈.#≈≈≈≈≈≈≈≈≈≈≈≈≈≈≈#.).# ##.##


You could see a shadow demon, a smoke demon, 2 shadows, an adder, a giant
cockroach and a bat.

Vanquished Creatures
  A kobold demonologist (Sewer)
  An ogre (D:3)
  A big kobold (Sewer)
  A quasit (Sewer)
  Ijyb (D:3)
  A worker ant (D:4)
  A big kobold zombie (Sewer)
  3 gnolls (D:3)
  8 adders
  2 shadow imps (Sewer)
  5 ufetubi (Sewer)
  3 oozes (Sewer)
  2 worms
  2 dart slugs
  A giant gecko (D:1)
  An orc (D:3)
  A bat zombie (Sewer)
  3 giant cockroaches
  6 goblins
  8 hobgoblins
  2 jackals (D:1)
  A quokka (D:3)
  2 ball pythons
  12 bats
  2 giant cockroach zombies (Sewer)
  2 giant newts (D:2)
  23 kobolds
  2 kobold zombies (Sewer)
  4 rats
  2 fungi
104 creatures vanquished.

Vanquished Creatures (others)
  Grinder (Sewer)
  A bat zombie (Sewer)
2 creatures vanquished.

Grand Total: 106 creatures vanquished

Notes
Turn   | Place    | Note
--------------------------------------------------------------
     0 | D:1      | Lovchig the Vampire Assassin began the quest for the Orb.
     0 | D:1      | Reached XP level 1. HP: 16/16 MP: 1/1
   132 | D:1      | Reached skill level 6 in Stealth
   207 | D:1      | Reached XP level 2. HP: 17/22 MP: 2/2
   792 | D:2      | Reached XP level 3. HP: 27/27 MP: 3/3
   835 | D:2      | Reached skill level 7 in Stealth
   909 | D:2      | Found a glowing golden altar of the Shining One.
  1082 | D:2      | Found a stormy altar of Qazlal.
  1530 | D:3      | Noticed an ogre
  1533 | D:3      | Killed an ogre
  1533 | D:3      | Reached skill level 8 in Stealth
  1533 | D:3      | Reached XP level 4. HP: 33/33 MP: 4/4
  1533 | D:3      | Reached XP level 5. HP: 38/38 MP: 5/5
  1595 | D:3      | Noticed Ijyb
  1600 | D:3      | Killed Ijyb
  1619 | D:3      | Found a blossoming altar of Fedhas.
  2490 | D:4      | Found a shadowy altar of Dithmenos.
  2495 | D:4      | Became a worshipper of Dithmenos the Shadowed
  2527 | D:4      | Reached skill level 9 in Stealth
  2613 | D:4      | Found a glowing drain.
  2640 | D:4      | Reached XP level 6. HP: 41/46 MP: 6/6
  2669 | Sewer    | Entered a sewer
  3095 | Sewer    | Found a burning altar of Makhleb.
  3180 | Sewer    | Noticed Grinder
  3210 | Sewer    | Killed Grinder
  3210 | Sewer    | Reached skill level 5 in Dodging
  3210 | Sewer    | Reached XP level 7. HP: 30/51 MP: 7/7
  3217 | Sewer    | Noticed an apprentice kobold demonologist
  3241 | Sewer    | Fell from the grace of Dithmenos
  3252 | Sewer    | Killed an apprentice kobold demonologist
  3434 | Sewer    | Noticed a shadow demon
  3434 | Sewer    | Noticed a shadow
  3434 | Sewer    | Noticed a shadow demon
  3434 | Sewer    | Noticed a shadow
  3438 | Sewer    | Noticed a soul eater
  3440 | Sewer    | Noticed a sixfirhy
  3444 | Sewer    | HP: 2/52 [soul eater/drain life[the darkness of Dithmenos] (11)]
  3456 | Sewer    | Noticed a hellwing
  3456 | Sewer    | Noticed a smoke demon
  3478 | Sewer    | Mangled by a shadow demon

Skill      XL: |  1  2  3  4  5  6  7 |
---------------+----------------------+-----
Stealth        | 6 8 9 |  9.8
Fighting       | 2 3 |  3.2
Short Blades   | 3 4 |  4.1
Dodging        | 2 3 5 6 |  6.4
Throwing       | |  1.5

Action                   |  1- 3 |  4- 6 |  7- 9 || total
-------------------------+-------+-------+-------++-------
Melee: Dagger            |   109 |   271 |    47 ||   427
       Bite              |    12 |    29 |     4 ||    45
  Use: Scroll            |       |    14 |     1 ||    15
       Potion            |       |     1 |     8 ||     9
 Stab: Sleeping          |    11 |    15 |       ||    26
  Eat: Corpse            |    13 |    16 |     1 ||    30
Armor: Robe              |    26 |    86 |    24 ||   136
Dodge: Dodged            |    61 |   249 |    57 ||   367
